 Dungeon Crawl Stone Soup version 0.32-a0-593-g85ff8e36a1 (webtiles) character file.

Game seed: 14290395646460685376

9585 BeKind the Fighter (level 11, 0/104 HPs)
             Began as a Minotaur Berserker on Mar 2, 2024.
             Was a High Priest of Trog.
             Slain by a boulder beetle (3 damage)
             ... on level 11 of the Dungeon.
             The game lasted 00:14:50 (11877 turns).

BeKind the Fighter (Minotaur Berserker)            Turns: 11877, Time: 00:14:51

Health: 0/104      AC: 18    Str: 31    XL:     11   Next: 25%
Magic:  3/3        EV: 12    Int:  4    God:    Trog [*****.]
Gold:   680        SH:  6    Dex: 13    Spells: 10/10 levels left

rFire   + . .        b - +5 falchion of Circularity {antimagic, rCorr Dex+2}
rCold   . . .        t - +0 buckler
rNeg    . . .        k - +2 scale mail {rF+}
rPois   .            (helmet restricted)
rElec   .            R - scarf {+Inv}
rCorr   +            C - +0 pair of gloves
SInv    .            F - +0 pair of boots
Will    .....        (no amulet) Stlth
                     I - +6 ring of strength
HPRegen 0.37/turn    p - +4 ring of protection
MPRegen 0.08/turn

%: no passive effects
@: about to teleport, on berserk cooldown, slowed, very slow
A: horns 2, retaliatory headbutt
a: Renounce Religion, Evoke Invisibility, Berserk, Trog's Hand, Brothers in Arms


You were on level 11 of the Dungeon.
You worshipped Trog.
Trog was extremely pleased with you.
You visited 1 branch of the dungeon, and saw 11 of its levels.

You collected 680 gold pieces.

Inventory:

Hand Weapons
 a - a +0 spear
 b - the +5 falchion of Circularity (weapon) {antimagic, rCorr Dex+2}
   (You found it on level 4 of the Dungeon)

   Dex+2:     It affects your dexterity (+2).
   rCorr:     It protects you from acid and corrosion.
 s - a +2 dagger of distortion
Missiles
 H - 4 throwing nets (quivered)
Armour
 c - a +0 plate armour
 k - a +2 scale mail of fire resistance (worn)
 t - a +0 buckler (worn)
 C - a +0 pair of gloves (worn)
 F - a +0 pair of boots (worn)
 R - a scarf of invisibility (worn)
Jewellery
 h - a ring of resist corrosion
 l - a ring of willpower
 p - a +4 ring of protection (right hand)
 B - a ring of willpower
 I - a +6 ring of strength (left hand)
 O - an amulet of magic regeneration
Wands
 w - a wand of flame (27)
 G - a wand of roots (13)
 K - a wand of acid (12)
Scrolls
 d - a scroll of teleportation
 g - 5 scrolls of revelation {unknown}
 i - a scroll of blinking
 j - 4 scrolls of enchant armour
 o - 2 scrolls of immolation
 v - 4 scrolls of torment
 x - a scroll of amnesia {unknown}
 y - 3 scrolls of silence {unknown}
 L - a scroll of enchant weapon
 M - a scroll of vulnerability
 Q - a scroll of identify
Potions
 e - a potion of haste {unknown}
 f - a potion of invisibility {unknown}
 n - 2 potions of degeneration {unknown}
 q - 2 potions of curing {unknown}
 u - a potion of mutation {unknown}
 z - 2 potions of cancellation {unknown}
 A - 2 potions of brilliance {unknown}
 D - a potion of ambrosia {unknown}
 E - 2 potions of might {unknown}
 N - a potion of enlightenment {unknown}
 P - a potion of experience {unknown}
Miscellaneous
 J - a condenser vane


   Skills:
 + Level 12.0 Fighting
 - Level 5.1 Long Blades
 - Level 6.4 Polearms
 + Level 11.5 Armour
 - Level 5.0 Dodging
 + Level 10.3 Shields


You had 10 spell levels left.
You didn't know any spells.
Your spell library was empty.

Dungeon Overview and Level Annotations

Branches:
Dungeon (11/15)            Temple (0/1) D:4            Lair (0/5) D:11
    Orc: D:9-12

Altars:
Cheibriados
Dithmenos
Gozag
Hepliaklqana
Kikubaaqudgha
Makhleb
Nemelex Xobeh
Qazlal
Trog
Uskayaw
Vehumet
Xom
Yredelemnul
Zin
The Shining One

Shops:
D:1 *   D:3 [*

Annotations:
D:11 Sonja


Innate Abilities, Weirdness & Mutations

You have a pair of horns on your head.
You reflexively headbutt those who attack you in melee.


Message History

Sonja is wielding a +2 dagger of distortion, quivering curare-tipped darts and carrying a wand of flame.
You feel sick.
Sonja shouts!
The acid dragon roars!
The acid dragon spits acid at you. The splash of acid hits you! You resist.
* * * LOW HITPOINT WARNING * * *
Okay, then.
Okay, then.
As you read the scroll of fear, it crumbles to dust.
You assume a fearsome visage.
Sonja looks frightened!
The acid dragon looks frightened!
You feel sick.
You are no longer poisoned.
Sonja mumbles some strange words.
Sonja blinks!
As you read the scroll of teleportation, it crumbles to dust.
You feel strangely unstable.
The killer bee buzzes angrily.
Your surroundings suddenly seem different.
The killer bee buzzes angrily.
A killer bee comes into view.
The killer bee moves out of view.
As you read the scroll of fog, it dissolves into smoke.
The killer bee completely misses you. You furiously retaliate!
You headbutt the killer bee! The killer bee barely misses you.
As you read the scroll of teleportation, it crumbles to dust.
You feel strangely unstable.
The killer bee buzzes angrily.
The killer bee barely misses you. You furiously retaliate!
You headbutt the killer bee. The killer bee closely misses you.
The boulder beetle curls into a ball and begins rolling!
The killer bee stings you.
* * * LOW HITPOINT WARNING * * *
The killer bee stings you but does no damage.
Found 9 gold pieces.
The killer bee buzzes angrily.
The killer bee stings you but does no damage.
The boulder beetle attacks as it pursues you!
The boulder beetle hits you.
You die...

#.# #.# #.# #.#
## #.# ..# #.#
#####y.#### #.#
#§B#.....$# #.#
#§§§#y@§.....#
#.#
#..#§y#§§###..#
#.# #. .. #§§§#
#.# # .#. ....
#.# #... .#.##
#.# ### .# #.#
#.# $ ##.### #.#
#.#
#..#....#######.#
#.#
#....yy##....#.#
#.#


You could see a boulder beetle (rolling) and 3 killer bees.

Vanquished Creatures
  A centaur warrior (D:11)
  2 two-headed ogres
  Pikel (D:4)
  An ugly thing (D:11)
  A cyclops (D:11)
  Maggie (D:8)
  2 gargoyles
  Psyche (D:9)
  A troll (D:9)
  Grinder (D:3)
  2 wyverns
  A wraith (D:11)
  5 yaks (D:8)
  Menkaure (D:3)
  2 water moccasins
  5 ice beasts
  4 orc warriors
  A sky beast (D:5)
  An ogre (D:5)
  A centaur (D:9)
  3 lemures (D:4)
  A phantom (D:3)
  A bullfrog (D:8)
  A scorpion (D:5)
  3 gnoll sergeants
  7 wights
  8 killer bees (D:11)
  6 howler monkeys
  2 bombardier beetles
  3 hounds
  A gnoll bouda (D:8)
  3 sleepcaps
  3 orc priests
  Ijyb (D:3)
  Natasha (D:2)
  Terence (D:2)
  4 iguanas
  6 orc wizards
  A mummy (D:3)
  28 gnolls
  7 adders
  2 shadow imps
  3 adder skeletons (D:3)
  5 dart slugs
  5 ribbon worms (D:3)
  40 orcs
  7 ball pythons
  8 bats
  5 giant cockroaches
  9 goblins
  6 hobgoblins
  8 jackals
  11 kobolds
  2 quokkas (D:2)
  2 frilled lizards
  15 rats
254 creatures vanquished.

Notes
Turn   | Place    | Note
-------+----------+-------------------------------------------
     0 | D:1      | BeKind the Minotaur Berserker began the quest for the Orb.
     0 | D:1      | Reached XP level 1. HP: 19/19 MP: 0/0
    48 | D:1      | Reached XP level 2. HP: 27/27 MP: 1/1
   186 | D:1      | Reached skill level 4 in Fighting
   267 | D:1      | Found Kudghyan's General Store.
   535 | D:1      | Reached XP level 3. HP: 33/33 MP: 2/2
   816 | D:2      | Reached XP level 4. HP: 24/40 MP: 3/3
   819 | D:2      | Reached ** piety under Trog
  1100 | D:2      | Noticed Terence
  1107 | D:2      | Killed Terence
  1357 | D:2      | Noticed Natasha
  1369 | D:2      | Killed Natasha
  1370 | D:2      | Reached XP level 5. HP: 38/47 MP: 4/4
  1708 | D:3      | Noticed Grinder
  1740 | D:3      | Paralysed by Grinder for 4 turns
  1745 | D:3      | Killed Grinder
  1746 | D:3      | Reached skill level 5 in Fighting
  1746 | D:3      | Reached skill level 5 in Polearms
  1746 | D:3      | Reached XP level 6. HP: 25/56 MP: 5/5
  1881 | D:3      | Found a shadowy altar of Dithmenos.
  1894 | D:3      | Found a transporter.
  1899 | D:3      | Found a transporter.
  2017 | D:3      | Noticed a moth of wrath
  2020 | D:3      | Found a bloodstained altar of Trog.
  2026 | D:3      | Reached *** piety under Trog
  2073 | D:3      | Found an ancient bone altar of Kikubaaqudgha.
  2075 | D:3      | Noticed Menkaure
  2084 | D:3      | Found a basalt altar of Yredelemnul.
  2172 | D:3      | Found a glowing silver altar of Zin.
  2179 | D:3      | Found Zoffoecs's Antique Armour Boutique.
  2199 | D:3      | Noticed Ijyb
  2218 | D:3      | Killed Ijyb
  2219 | D:3      | Reached skill level 5 in Armour
  2219 | D:3      | Reached XP level 7. HP: 48/62 MP: 6/6
  2288 | D:3      | Found Coubb's Assorted Antiques.
  2607 | D:3      | Found a hazy altar of Hepliaklqana.
  2964 | D:4      | Found a radiant altar of Vehumet.
  2992 | D:4      | Found a staircase to the Ecumenical Temple.
  3159 | D:4      | Found a sparkling altar of Nemelex Xobeh.
  3164 | D:4      | Noticed Pikel
  3203 | D:4      | Killed Pikel
  3204 | D:4      | Reached skill level 6 in Fighting
  3204 | D:4      | Reached skill level 5 in Dodging
  3479 | D:4      | Identified the +5 falchion of Circularity {antimagic, rCorr
                  | Dex+2}
  3513 | D:4      | You fall into a shaft and drop 2 floors!
  3523 | D:6      | Found a burning altar of Makhleb.
  3602 | D:6      | Reached skill level 1 in Long Blades
  3602 | D:6      | Reached XP level 8. HP: 71/71 MP: 2/7
  3992 | D:6      | Reached skill level 7 in Fighting
  4134 | D:6      | Found an opulent altar of Gozag.
  4297 | D:5      | Entered Level 5 of the Dungeon
  4579 | D:5      | Found a stormy altar of Qazlal.
  4592 | D:5      | Reached **** piety under Trog
  4813 | D:5      | Reached skill level 5 in Long Blades
  5143 | D:7      | Reached XP level 9. HP: 80/80 MP: 2/8
  5153 | D:7      | Noticed a +0 dagger
  5153 | D:7      | Noticed a +0 hand axe
  5161 | D:7      | Found a hide-covered altar of Uskayaw.
  5177 | D:7      | Reached skill level 8 in Fighting
  5177 | D:7      | Reached skill level 5 in Shields
  5323 | D:7      | Found a shimmering altar of Xom.
  5325 | D:7      | Found a shimmering altar of Xom.
  6079 | D:7      | Found a glowing golden altar of the Shining One.
  6318 | D:3      | Killed Menkaure
  6584 | D:8      | Reached skill level 9 in Fighting
  6602 | D:8      | Noticed a gargoyle
  6619 | D:8      | Killed a gargoyle
  7061 | D:8      | Reached XP level 10. HP: 93/93 MP: 3/9
  7273 | D:8      | Reached skill level 10 in Fighting
  7532 | D:8      | Noticed Maggie
  7549 | D:8      | Killed Maggie
  7951 | D:8      | Noticed a two-headed ogre
  7962 | D:8      | Killed a two-headed ogre
  7963 | D:8      | Reached skill level 10 in Armour
  8397 | D:9      | Reached ***** piety under Trog
  8897 | D:9      | Noticed Psyche
  8910 | D:9      | Killed Psyche
  9137 | D:9      | Reached skill level 11 in Fighting
  9259 | D:9      | Noticed a two-headed ogre
  9270 | D:9      | Killed a two-headed ogre
  9616 | D:9      | Found a snail-covered altar of Cheibriados.
  9730 | D:10     | Entered Level 10 of the Dungeon
 10552 | D:11     | Noticed a cyclops
 10567 | D:11     | Killed a cyclops
 10568 | D:11     | Reached XP level 11. HP: 84/103 MP: 3/10
 10657 | D:11     | Found a staircase to the Lair.
 11820 | D:11     | Noticed a centaur warrior
 11824 | D:11     | Noticed a boulder beetle
 11833 | D:11     | Killed a centaur warrior
 11834 | D:11     | Reached skill level 10 in Shields
 11836 | D:11     | Noticed a white ugly thing
 11846 | D:11     | Noticed an ogre mage
 11852 | D:11     | Killed a white ugly thing
 11853 | D:11     | Reached skill level 12 in Fighting
 11866 | D:11     | Noticed a purple ugly thing
 11867 | D:11     | Noticed a two-headed ogre
 11870 | D:11     | Noticed Sonja
 11876 | D:11     | HP: 3/104 [killer bee (6)]
 11877 | D:11     | Slain by a boulder beetle

Illustrated notes

Levels and vault maps discovered:
D:1:      dpeg_arrival_prison, layout_rooms, serial_shops,
          nicolae_shop_real_fake_doors, skrybe_limestone_x,
          minmay_small_reverse_x
D:2:      layout_loops_ring, minmay_tetromino_t4, uniq_terence, uniq_natasha
D:3:      layout_basic, gammafunk_temple_of_torment,
          mainiacjoe_overflow_catwalk_spiral, tgw_trog,
          nicolae_hepliaklqana_hippocampus, serial_shops, shop, shop,
          minmay_quantized, uniq_ijyb, uniq_grinder
D:4:      layout_gridville, mainiacjoe_overflow_surrounded_room,
          vehumet_crystals, minmay_temple_entry_purple_smoke, minmay_vboxes,
          uniq_pikel
D:5:      layout_basic, nicolae_qazlal_beasts_of_the_sky
D:6:      layout_basic, grunt_gozag_breadcrumbs, lemuel_tele_altar
D:7:      layout_basic, mainiacjoe_overflow_alcove_2, dancing_weapons_uskayaw,
          xom_redecorated
D:8:      layout_basic, serial_bayou_pond_c, uniq_maggie
D:9:      layout_rooms, cheibriados_altar_1, uniq_psyche
D:10:     layout_basic
D:11:     regret_index_tunnel_blossom, layout_basic, uniq_sonja

Skill      XL: |  1  2  3  4  5  6  7  8  9 10 11 |
---------------+----------------------------------+-----
Polearms       | 4 5 6 |  6.4
Fighting       | 4 5 6 7 9 11 12 | 12.0
Armour         | 3 4 5 7 9 11 | 11.5
Dodging        | 3 4 5 |  5.0
Shields        | 2 4 7 9 10 | 10.3
Long Blades    | 1 5 |  5.1

Action                     |  1- 3 |  4- 6 |  7- 9 | 10-12 || total
---------------------------+-------+-------+-------+-------++-------
  Melee: Spear             |    74 |   190 |    85 |       ||   349
         Headbutt          |     8 |    33 |    66 |    64 ||   171
         Falchion          |       |       |   258 |   284 ||   542
 Invoke: Berserk           |     1 |     1 |     4 |     4 ||    10
    Use: Scroll            |       |       |     8 |     7 ||    15
   Stab: Sleeping          |     2 |     2 |       |       ||     4
 Armour: Animal skin       |    28 |    10 |       |       ||    38
         Scale mail        |       |    69 |   192 |   218 ||   479
         Skin              |       |       |       |     3 ||     3
  Dodge: Dodged            |    26 |    69 |   146 |   151 ||   392
  Block: Buckler           |       |     3 |    67 |   102 ||   172

Table legend: (Time is in decaauts)
 A = Elapsed time spent in this place.
 B = Non-inter-level travel time spent in this place.
 C = Inter-level travel time spent in this place.
 D = Time resting spent in this place.
 E = Time spent auto-exploring this place.
 F = Levels seen in this place.
 G = Mean time per level.
                   A        B        C        D        E       F      G
               +--------+--------+--------+--------+--------+-----+--------+
         Total |  12005 |  10816 |   1189 |   1525 |   7573 |  11 | 1091.4 |
       Dungeon |  12005 |  10816 |   1189 |   1525 |   7573 |  11 | 1091.4 |
               +--------+--------+--------+--------+--------+-----+--------+

Top non-repeatable levels by time:
     D:8: 2282 daAuts
     D:3: 1503 daAuts
     D:5: 1442 daAuts
     D:9: 1112 daAuts
     D:7: 1099 daAuts
     D:2: 990 daAuts
     D:6: 855 daAuts
    D:11: 754 daAuts
    D:10: 719 daAuts
     D:4: 660 daAuts
     D:1: 586 daAuts
